 Dungeon Crawl Stone Soup version 0.29.1-2-gbd0b4ee654 (webtiles) character file.

Game seed: 2432868886774671958

18 boopmooplesden the Trooper (level 2, -2/27 HPs)
             Began as a Minotaur Berserker on Nov 21, 2022.
             Was a Follower of Trog.
             Succumbed to Terence's poison
             ... on level 2 of the Dungeon.
             The game lasted 00:00:44 (1195 turns).

boopmooplesden the Trooper (Minotaur Berserker)     Turns: 1195, Time: 00:00:44

Health: -2/27      AC:  2    Str: 27    XL:     2   Next: 51%
Magic:  1/1        EV: 12    Int:  4    God:    Trog [*.....]
Gold:   93         SH:  0    Dex:  9    Spells: 1/1 levels left

rFire   + . .      SeeInvis .   a - +0 hand axe
rCold   x . .      Faith    .   (no shield)
rNeg    . . .      Spirit   .   b - +0 animal skin
rPois   .          Reflect  .   (helmet restricted)
rElec   .          Harm     .   (no cloak)
rCorr   .          Rampage  .   (no gloves)
Will    .....                   (no boots)
Stlth   +.........              (no amulet)
HPRegen 0.09/turn               h - ring of fire
MPRegen 0.07/turn               g - +6 ring of strength

@: lethally poisoned (-2 -> -28)
A: horns 2, retaliatory headbutt
a: Renounce Religion, Berserk


You were on level 2 of the Dungeon.
You worshipped Trog.
Trog was aware of your devotion.
You visited 1 branch of the dungeon, and saw 2 of its levels.

You collected 93 gold pieces.

Inventory:

Hand Weapons
 a - a +0 hand axe (weapon)
Armour
 b - a +0 animal skin (worn)
Jewellery
 g - a +6 ring of strength (right hand)
 h - a ring of fire (left hand)
Scrolls
 c - a scroll of amnesia {unknown}
 i - a scroll of torment {unknown}
 j - a scroll of teleportation {unknown}
Potions
 d - a potion of brilliance {unknown}
 e - a potion of lignification {unknown}
 f - a potion of might {unknown}


   Skills:
 + Level 4.3 Fighting
 + Level 3.9 Axes
 + Level 2.6 Armour
 + Level 2.3 Dodging
 + Level 0.1 Stealth


You had one spell level left.
You didn't know any spells.
Your spell library was empty.

Dungeon Overview and Level Annotations

Branches:
Dungeon (2/15)

Altars:

Annotations:
D:2 Terence


Innate Abilities, Weirdness & Mutations

You have a pair of horns on your head.
You reflexively headbutt those who attack you in melee.


Message History

The kobold shouts!
You slash the kobold!
You kill the kobold!
Trog accepts your kill.
Things that are here:
a +0 dagger; 3 stones
Things that are here:
a +0 dagger; 3 stones
j - a scroll labelled WOGAID DAD FAFEKH You now have 93 gold pieces (gained 10).
Found a ring mail.
You see here a +0 ring mail.
Found a whip and a ring mail.
Found a stone staircase leading up.
Found a stone staircase leading up.
You see here a +0 ring mail.
Found an escape hatch in the floor.
Found a stone staircase leading down.
Terence the Incautious comes into view.
He is wielding a +2 hand axe of venom.
Terence shouts!
Terence says, "Don't bother to defend, it's pointless."
Terence is nearby!
Terence is nearby!
You hit Terence.
Terence is lightly wounded.
Terence hits you with a +2 hand axe of venom!
You are poisoned.
You hit Terence but do no damage.
Terence is lightly wounded.
You feel very sick. Terence barely misses you.
You hit Terence but do no damage.
Terence is lightly wounded.
You feel sick. Terence barely misses you.
You barely miss Terence. Your headbutt misses Terence.
Terence is lightly wounded.
You feel sick.
Terence hits you with a +2 hand axe of venom!
* * * LOW HITPOINT WARNING * * *
You are more poisoned.
You die...

# ...###### ........#
#.####.# #####
.#......###...######
......[<....#..>@..#
.####.#.....#...##@#
###...)...#####.# .#
............#...# ..
.##.#...###.#>.#######.
.##.#<#.#~.~~~..~..~.~~
.##.#.....≈≈≈≈≈~≈≈≈≈≈.≈
###.#.....≈♣♣♣≈~≈♣♣♣≈~≈
#.#.#.#~≈♣ ♣≈~≈♣ ≈


You could see Terence.

Vanquished Creatures
  A dart slug (D:1)
  3 ball pythons
  An endoplasm (D:1)
  A giant cockroach (D:1)
  2 goblins
  A hobgoblin (D:1)
  A kobold (D:2)
  A bat (D:1)
  2 frilled lizards
  2 rats
15 creatures vanquished.

Notes
Turn   | Place    | Note
-------+----------+-------------------------------------------
     0 | D:1      | boopmooplesden the Minotaur Berserker began the quest for
                  | the Orb.
     0 | D:1      | Reached XP level 1. HP: 19/19 MP: 0/0
   537 | D:1      | Reached skill level 4 in Fighting
   601 | D:1      | Reached XP level 2. HP: 27/27 MP: 1/1
   665 | D:1      | Found a faded altar of an unknown god.
  1190 | D:2      | Noticed Terence
  1195 | D:2      | Succumbed to Terence's poison

Illustrated notes

Levels and vault maps discovered:
D:1:      elethiomel_arrival_quiet, layout_loops_ring,
          hellmonk_ecumenical_altar_inner_sanctum,
          amcnicky_mini_rare_corridor_liquid
D:2:      layout_loops_ring, chequers_garden, kennysheep_boxes, uniq_terence

Skill      XL: |  1 |
---------------+----+-----
Fighting       | 4 |  4.3
Axes           | |  3.9
Armour         | |  2.6
Dodging        | |  2.3
Stealth        | |  0.1

Action                   || total
-------------------------++-------
Melee: Hand axe          ||    23
       Headbutt          ||     3
Armor: Animal skin       ||     2
Dodge: Dodged            ||    14
